 Dungeon Crawl Stone Soup version 0.27.1-2-g3b301248ec (webtiles) character file.

Game seed: 4179744173130751632

282 Rickety the Stinger (level 6, -2/44 HPs)
             Began as a Gnoll Venom Mage on Sept 22, 2021.
             Slain by a lemure (6 damage)
             ... led by Pikel
             ... on level 3 of the Dungeon.
             The game lasted 00:10:50 (4697 turns).

Rickety the Stinger (Gnoll Venom Mage)              Turns: 4697, Time: 00:10:51

Health: -2/44      AC:  7    Str:  7    XL:     6   Next: 28%
Magic:  10/14      EV: 13    Int: 17    God:
Gold:   85         SH:  0    Dex: 12    Spells: 5/15 levels left

rFire    . . .     SeeInvis .   b - +0 dagger
rCold    . . .     Faith    .   (no shield)
rNeg     . . .     Spirit   .   a - +0 robe
rPois    .         Reflect  .   i - +0 helmet
rElec    .         Harm     .   (no cloak)
rCorr    .         Rampage  .   (no gloves)
Will     .....                  (no boots)
Stlth    +++.......             (no amulet)
HPRegen  0.14/turn              j - +4 ring of protection
MPRegen  0.14/turn              (no ring)

@: radiating poison, slowed, very slow
A: fangs 1, strong nose, distributed training
a: no special abilities


You were on level 3 of the Dungeon.
You visited 1 branch of the dungeon, and saw 4 of its levels.

You collected 85 gold pieces.

Inventory:

Hand Weapons
 b - a +0 dagger (weapon)
 h - a +0 mace
Armour
 a - a +0 robe (worn)
 i - a +0 helmet (worn)
Jewellery
 j - a +4 ring of protection (left hand)
Wands
 l - a wand of charming (9)
Scrolls
 d - 2 scrolls of magic mapping {unknown}
 e - 4 scrolls of identify {unknown}
 g - 2 scrolls of teleportation {unknown}
 k - a scroll of holy word {unknown}
Potions
 c - 3 potions of ambrosia {unknown}
 f - a potion of brilliance {unknown}


   Skills:
 + Level 1.9 Fighting
 + Level 1.9 Short Blades
 + Level 1.9 Long Blades
 + Level 1.9 Axes
 + Level 1.9 Maces & Flails
 + Level 1.9 Polearms
 + Level 1.9 Staves
 + Level 1.9 Slings
 + Level 1.9 Bows
 + Level 1.9 Crossbows
 + Level 1.9 Throwing
 + Level 1.9 Armour
 + Level 4.9 Dodging
 + Level 4.5 Stealth
 + Level 1.9 Shields
 + Level 1.9 Unarmed Combat
 + Level 5.3 Spellcasting
 + Level 1.5 Conjurations
 + Level 1.5 Hexes
 + Level 1.5 Summonings
 + Level 1.5 Necromancy
 + Level 1.5 Translocations
 + Level 2.6 Transmutations
 + Level 1.5 Fire Magic
 + Level 1.5 Ice Magic
 + Level 1.5 Air Magic
 + Level 1.5 Earth Magic
 + Level 5.6 Poison Magic
 + Level 2.1 Invocations
 + Level 1.9 Evocations


You had 5 spell levels left.
You knew the following spells:

 Your Spells              Type           Power      Damage    Failure   Level
a - Sting                 Tmut/Pois      72%        1d6       2%          1
m - Mephitic Cloud        Conj/Pois/Air  14%        N/A       13%         3
v - Poisonous Vapours     Pois/Air       32%        N/A       4%          2
x - Olgreb's Toxic Radia  Pois           23%        N/A       13%         4

Your spell library contained the following spells:

 Spells                   Type           Power      Damage    Failure   Level


Dungeon Overview and Level Annotations

Branches:
Dungeon (4/15)
 Temple: D:4-7

Altars:

Annotations:
D:3 Pikel
D:4 Natasha


Innate Abilities, Weirdness & Mutations

You have very sharp teeth.
Your uncanny sense of smell can sniff out nearby items.
Your experience applies equally to all skills.


Message History

Aiming: Sting (safe; 2% risk of failure)
Press: ? - help, Shift-Dir - straight line, f/p - iguana
Aim: an iguana (moderately wounded, poisoned, 77% to hit)
The sting hits the iguana.
The iguana looks even sicker.
The iguana is moderately wounded.
The iguana closely misses you.
Unknown command.
You see here a +0 quarterstaff.
You kill the iguana!
You see here a +0 quarterstaff.
There is a stone staircase leading down here.
You start resting.
HP restored.
You start resting.
Magic restored.
You climb downwards.
Level annotation: Natasha, Pikel Pikel hits you with a +0 whip of freezing!
Pikel freezes you. The lemure closely misses you. Natasha casts a spell at you.
The magic dart hits you! Pikel barely misses you.
There is a stone staircase leading up here.
The lemure hits you but does no damage.
Natasha mewls in sadness.
Natasha casts a spell at you.
You feel yourself slow down.
Pikel zaps a wand.
You barely resist.
You climb upwards.
There is a stone staircase leading down here.
Unknown command.
Casting: Sting (safe; 2% risk of failure)
Confirm with . or Enter, or press ? or * to list all spells.
The spell is quite dangerous to cast (13% risk of failure)!
Continue anyway?
You begin to radiate toxic energy.
Pikel is poisoned.
The lemure is poisoned.
Pikel looks even sicker.
The lemure hits you.
Pikel hits you with a +0 whip of freezing!
* * * LOW HITPOINT WARNING * * *
Pikel freezes you.
* * * LOW HITPOINT WARNING * * *
The lemure hits you.
You die...

##........#
#####.........#
##.............#
#..####........#
######.##
#........#
###≈≈≈≈..#
##.#######
##.....≈.## #.#
##..#≈≈≈≈## ##5#
.†.####### #@.#
#### #K## #.#
#.# #)# ####.#
##....#
##########
#..####
.........# #.##


You could see Pikel (very poisoned) and a lemure (poisoned).

Vanquished Creatures
  A sky beast (D:3)
  Jessica (D:2)
  An iguana (D:3)
  An orc wizard (D:3)
  Robin (D:3)
  A gnoll (D:1)
  A worm (D:2)
  6 orcs
  7 ball pythons
  6 endoplasms
  3 giant cockroaches (D:1)
  6 hobgoblins
  13 jackals
  3 kobolds
  4 quokkas
  4 bats
  A frilled lizard (D:3)
  12 goblins
  6 rats
78 creatures vanquished.

Vanquished Creatures (others)
  3 toadstools (D:4)
3 creatures vanquished.

Grand Total: 81 creatures vanquished

Notes
Turn   | Place    | Note
-------+----------+-------------------------------------------
     0 | D:1      | Rickety the Gnoll Venom Mage began the quest for the Orb.
     0 | D:1      | Reached XP level 1. HP: 13/13 MP: 6/6
   323 | D:1      | Reached XP level 2. HP: 15/19 MP: 1/7
   737 | D:1      | Learned a level 2 spell: Poisonous Vapours
   817 | D:1      | Reached XP level 3. HP: 25/25 MP: 0/9
   823 | D:1      | Learned a level 3 spell: Mephitic Cloud
  1069 | D:1      | Reached skill level 5 in Spellcasting
  1580 | D:2      | Noticed Jessica
  1584 | D:2      | Killed Jessica
  1585 | D:2      | Reached skill level 1 in Fighting
  1585 | D:2      | Reached skill level 1 in Short Blades
  1585 | D:2      | Reached skill level 1 in Long Blades
  1585 | D:2      | Reached skill level 1 in Axes
  1585 | D:2      | Reached skill level 1 in Maces & Flails
  1585 | D:2      | Reached skill level 1 in Polearms
  1585 | D:2      | Reached skill level 1 in Staves
  1585 | D:2      | Reached skill level 1 in Slings
  1585 | D:2      | Reached skill level 1 in Bows
  1585 | D:2      | Reached skill level 1 in Crossbows
  1585 | D:2      | Reached skill level 1 in Throwing
  1585 | D:2      | Reached skill level 1 in Armour
  1585 | D:2      | Reached skill level 1 in Shields
  1585 | D:2      | Reached skill level 1 in Unarmed Combat
  1585 | D:2      | Reached skill level 1 in Invocations
  1585 | D:2      | Reached skill level 1 in Evocations
  1716 | D:2      | Reached XP level 4. HP: 32/32 MP: 7/11
  1818 | D:2      | Learned a level 4 spell: Olgreb's Toxic Radiance
  3197 | D:3      | Found a faded altar of an unknown god.
  3341 | D:3      | Reached skill level 1 in Conjurations
  3341 | D:3      | Reached skill level 1 in Hexes
  3341 | D:3      | Reached skill level 1 in Summonings
  3341 | D:3      | Reached skill level 1 in Necromancy
  3341 | D:3      | Reached skill level 1 in Translocations
  3341 | D:3      | Reached skill level 1 in Fire Magic
  3341 | D:3      | Reached skill level 1 in Ice Magic
  3341 | D:3      | Reached skill level 1 in Air Magic
  3341 | D:3      | Reached skill level 1 in Earth Magic
  3510 | D:3      | Noticed Robin
  3520 | D:3      | Killed Robin
  3546 | D:3      | Reached XP level 5. HP: 37/37 MP: 5/12
  4253 | D:4      | Noticed a sky beast
  4264 | D:3      | Killed a sky beast
  4265 | D:3      | Reached XP level 6. HP: 44/44 MP: 2/13
  4437 | D:4      | Noticed Pikel
  4581 | D:4      | Noticed Natasha
  4697 | D:3      | Slain by a lemure

Illustrated notes

Levels and vault maps discovered:
D:1:      matt_arrival_diagonals, layout_basic
D:2:      layout_basic, uniq_jessica
D:3:      layout_rooms, basic_ecumenical_altar, chequers_serial_rivers_micro_d,
          nicolae_underground_beach, uniq_robin
D:4:      layout_gridville, led_sif_book, grunt_qazlal_clouds,
          minmay_gold_behind_fungi, uniq_pikel, uniq_natasha

Skill      XL: |  1  2  3  4  5 |
---------------+----------------+-----
Transmutations | 2 |  2.6
Spellcasting   | 5 |  5.3
Fighting       | 1 |  1.9
Short Blades   | 1 |  1.9
Long Blades    | 1 |  1.9
Axes           | 1 |  1.9
Maces & Flails | 1 |  1.9
Polearms       | 1 |  1.9
Staves         | 1 |  1.9
Slings         | 1 |  1.9
Bows           | 1 |  1.9
Crossbows      | 1 |  1.9
Throwing       | 1 |  1.9
Armour         | 1 |  1.9
Shields        | 1 |  1.9
Unarmed Combat | 1 |  1.9
Invocations    | 1 2 |  2.1
Evocations     | 1 |  1.9
Conjurations   | 1 |  1.5
Hexes          | 1 |  1.5
Summonings     | 1 |  1.5
Necromancy     | 1 |  1.5
Translocations | 1 |  1.5
Fire Magic     | 1 |  1.5
Ice Magic      | 1 |  1.5
Air Magic      | 1 |  1.5
Earth Magic    | 1 |  1.5
Dodging        | |  4.9
Stealth        | |  4.5
Poison Magic   | |  5.6

Action                   |  1- 3 |  4- 6 || total
-------------------------+-------+-------++-------
Melee: Dagger            |     9 |    32 ||    41
       Bite              |     1 |     1 ||     2
 Cast: Sting             |    39 |    40 ||    79
       Poisonous Vapours |     6 |    68 ||    74
       Olgreb's Toxic Ra |       |     3 ||     3
       Mephitic Cloud    |       |     1 ||     1
  Use: Potion            |     2 |       ||     2
Armor: Robe              |     5 |    14 ||    19
Dodge: Dodged            |    38 |    54 ||    92
